 Dungeon Crawl Stone Soup version 0.26.1-10-gdfb7c7de75 (webtiles) character file.

Game seed: 1096658281609351978

23566 MalarOregon the Slinger (level 13, -3/89 HPs)
             Began as a Halfling Hunter on Apr 2, 2021.
             Was a Priest of Fedhas.
             Slain by a hornet (8 damage)
             ... while paralysed by a hornet
             ... on level 4 of the Lair of Beasts.
             The game lasted 00:48:33 (20316 turns).

MalarOregon the Slinger (Halfling Hunter)          Turns: 20316, Time: 00:48:34

Health: -3/89      AC: 21    Str: 15    XL:     13   Next: 36%
Magic:  6/15       EV:  3    Int: 11    God:    Fedhas [***...]
Gold:   1021       SH:  0    Dex: 16    Spells: 12/12 levels left

rFire    . . .     SeeInvis +   a - +2 hunting sling
rCold    + . .     Faith    .   (shield restricted)
rNeg     . . .     Spirit   .   I - +5 ring mail
rPois    .         Reflect  .   (no helmet)
rElec    .         Harm     .   K - +2 cloak {rCorr}
rCorr    +         Rampage  .   S - +1 pair of gloves
Will     .....                  e - +1 pair of boots
Stlth    ++++......             (no amulet)
HPRegen  0.24/turn              o - ring of protection from cold
MPRegen  0.14/turn              z - ring of see invisible

@: paralysed, lethally poisoned (-3 -> -10), slowed, studying Armour
A: small, mutation resistance 1
a: Renounce Religion, Wall of Briars, Grow Ballistomycete


You were on level 4 of the Lair of Beasts.
You worshipped Fedhas.
Fedhas was most pleased with you.
You visited 3 branches of the dungeon, and saw 14 of its levels.
You also visited: Bailey.

You collected 1321 gold pieces.
You spent 300 gold pieces at shops.

Inventory:

Hand Weapons
 a - a +2 hunting sling (weapon)
 b - a +2 scimitar of flaming
   (You took it off an efreet on level 7 of the Dungeon)
 C - a +1 falchion of holy wrath
   (You took it off an orc priest on level 5 of the Dungeon)
Missiles
 f - 11 poisoned darts (quivered)
 g - 38 boomerangs
 r - 6 silver boomerangs
 w - 540 stones
 y - 35 sling bullets (quivered ammo)
 E - 16 datura-tipped darts
 Q - a throwing net {!f}
Armour
 e - a +1 pair of boots (worn)
   (You found it on level 6 of the Dungeon)
 I - a +5 ring mail (worn)
   (You found it on level 2 of the Dungeon)
 K - a +2 cloak of preservation (worn)
   (You found it in a bailey)
 S - a +1 pair of gloves (worn)
   (You found it on level 9 of the Dungeon)
Jewellery
 o - a ring of protection from cold (left hand)
   (You bought it in a shop on level 7 of the Dungeon)
 z - a ring of see invisible (right hand)
   (You found it on level 1 of the Dungeon)
Wands
 d - a wand of iceblast (3)
   (You found it on level 4 of the Dungeon)
 s - a wand of polymorph (2)
   (You found it on level 5 of the Dungeon)
 u - a wand of paralysis (9)
   (You found it on level 1 of the Lair of Beasts)
Scrolls
 c - a scroll of noise {unknown}
 i - 4 scrolls of enchant armour
 j - a scroll of random uselessness
 m - 2 scrolls of enchant weapon
 q - 3 scrolls of blinking
 x - a scroll of remove curse {@r2}
 B - 2 scrolls of magic mapping
 G - 12 scrolls of identify {@r1}
 J - a scroll of acquirement {unknown}
 L - a scroll of amnesia {unknown}
 M - 2 scrolls of fear {unknown}
 N - a scroll of summoning {unknown}
 P - 3 scrolls of fog
 T - 2 scrolls of holy word {unknown}
 V - 7 scrolls of teleportation {@r4}
 X - a scroll of silence {unknown}
Potions
 h - a potion of mutation {!q}
 k - a potion of resistance
 l - 2 potions of heal wounds {@q2}
 n - 2 potions of flight
 p - 2 potions of curing {@q1}
 t - a potion of brilliance
 v - a potion of ambrosia
 A - 2 potions of magic {unknown}
 D - 2 potions of haste {@q3}
 F - a potion of experience {unknown}
 R - a potion of berserk rage {unknown}
 U - 2 potions of lignification {unknown}
 W - 2 potions of cancellation {unknown}
Books
 H - a manual of Armour {!d}
   (You found it in a bailey)
Miscellaneous
 O - a phantom mirror
   (You found it on level 9 of the Dungeon)


   Skills:
 + Level 8.3 Fighting
 + Level 10.5 Short Blades
 - Level 12.0 Slings
 + Level 12.0 Armour
 + Level 9.9 Dodging
 + Level 10.9 Stealth
 + Level 2.9 Invocations
 + Level 2.8 Evocations


You had 12 spell levels left.
You didn't know any spells.
Your spell library contained the following spells:

 Spells                   Type           Power        Failure   Level
 Beastly Appendage        Tmut           0%           52%         1
 Freeze                   Ice            0%           52%         1
 Wereblood                Tmut           0%           65%         2
 Confusing Touch          Hex            0%           87%         3
 Frozen Ramparts          Ice            0%           87%         3
 Gell's Gravitas          Tloc           0%           87%         3
 Ozocubu's Armour         Ice            0%           87%         3
 Spider Form              Tmut/Pois      0%           87%         3
 Hailstorm                Conj/Ice       0%           99%         4
 Ice Form                 Ice/Tmut       0%           99%         4
 Petrify                  Tmut/Erth      0%           99%         4
 Summon Ice Beast         Ice/Summ       0%           99%         4
 Blade Hands              Tmut           0%           100%        5
 Metabolic Englaciation   Hex/Ice        0%           100%        5
 Summon Demon             Summ           0%           100%        5
 Summon Forest            Summ/Tloc      0%           100%        5
 Summon Mana Viper        Hex/Summ       0%           100%        5
 Yara's Violent Unravell  Hex/Tmut       0%           100%        5
 Shadow Creatures         Summ           N/A          100%        6
 Summon Hydra             Summ           0%           100%        7


Dungeon Overview and Level Annotations

Branches:
Dungeon (9/15)             Temple (1/1) D:7            Lair (4/6) D:9
  Swamp (0/4) Lair:2       Bailey (visited)
  Snake: Lair:2-4    Spider: Lair:2-4       Orc: D:9-12

Altars:
Ashenzari
Cheibriados
Elyvilon
Fedhas
Gozag
Hepliaklqana
Kikubaaqudgha
Makhleb
Nemelex Xobeh
Okawaru
Qazlal
Ru
Sif Muna
Trog
Uskayaw
Vehumet
Wu Jian
Xom
Yredelemnul
Zin
The Shining One

Shops:
D:7 =

Annotations:
D:7 3 runed translucent doors, kalagan's ghost, novice DECj
Lair:3 1 runed translucent door, Yntoarho's ghost, journeyman DsGl


Innate Abilities, Weirdness & Mutations

You are small and have problems with some larger weapons.
You are somewhat resistant to further mutation.


Message History

You hear a sizzling splash.
The wolf bites your briar patch but does no damage.
The spriggan rider misses you.
You walk carefully through the plants.
The wolf bites your briar patch.
The wolf bites your briar patch but does no damage.
The spriggan rider hits you from afar with a +2 spear of venom!!
* * * LOW HITPOINT WARNING * * *
You are lethally poisoned!
The wolf bites your briar patch!
You feel much better.
You feel sick.
The wolf is struck by your briar patch's thorns.
The wolf bites your briar patch but does no damage.
The spriggan rider completely misses you.
You feel better. The wolf bites your briar patch!
Your briar patch is destroyed!
The spriggan rider misses you.
Aim: a spriggan rider, wielding a +2 spear of venom and wearing a +0 buckler (lava, heavily wounded)
The mass of ice explodes!
The iceblast engulfs the spriggan rider!!
You hear a sizzling splash. x3
You kill the spriggan!
Fedhas accepts your kill.
Fedhas protects your plant from harm. x2
Your briar patch disappears in a puff of smoke!
The wolf bites your briar patch!
The wolf is struck by your briar patch's thorns.
The wolf bites your briar patch but does no damage.
Throw: 13 darts (poison)
Aim: a hornet (lava, severely wounded, 54% to hit)
You throw a poisoned dart.
The poisoned dart closely misses the hornet.
You hear a sizzling splash.
The hornet closely misses you.
The wolf bites your briar patch but does no damage.
Throw: 12 darts (poison)
Aim: a hornet (lava, severely wounded, 54% to hit)
You throw a poisoned dart. The poisoned dart hits the hornet.
You hear a sizzling splash.
The hornet stings you!
* * * LOW HITPOINT WARNING * * *
You suddenly lose the ability to move!
The wolf is struck by your briar patch's thorns.
The wolf dies!
Fedhas accepts your kill. The hornet stings you!
* * * LOW HITPOINT WARNING * * *
You are lethally poisoned!
You feel yourself slow down. The hornet stings you!
You die...
Fedhas appreciates your contribution to the ecosystem.

### ##8##
###≈§§###
#<..≈..<#
###§§§###
##≈@≈##
#≈y.≈≈#
##≈PP≈§##
#§§P≈≈≈§#
##≈.†##≈≈#
#§≈(## #≈≈#
#≈.(## #≈#
#§≈.†## ≈≈#
#§§§..##≈##


You could see a hornet.

Vanquished Creatures
  An orc warlord (Bailey)
  4 hydras
  A boulder beetle (Lair:3)
  A centaur warrior (D:7)
  3 death yaks (Lair:3)
  Nergalle (Lair:1)
  An orc knight (D:7)
  A black mamba (Lair:3)
  2 molten gargoyles
  8 cane toads
  Maggie (Lair:1)
  2 komodo dragons
  An efreet (D:7)
  A hornet (D:7)
  12 blink frogs
  A spriggan (Lair:4)
  6 yaks (Lair:1)
  Grum (Lair:1)
  3 basilisks
  A swamp worm (Lair:2)
  7 water moccasins
  4 ice beasts
  7 orc warriors
  A black bear (D:9)
  An eye of draining (D:9)
  6 ogres
  18 wolves
  2 centaurs
  8 bullfrogs
  A big kobold (D:9)
  3 scorpions
  A killer bee (D:7)
  10 wights
  3 electric eels (Lair:2)
  8 howler monkeys
  2 centaur zombies
  A bullfrog zombie (D:6)
  5 lava snakes (Lair:4)
  2 jellies
  7 hounds
  10 orc priests
  4 iguanas
  12 orc wizards
  8 worker ants
  2 howler monkey zombies
  2 gnolls
  5 adders
  A shadow imp (D:9)
  2 white imps
  2 ufetubi (D:8)
  An adder zombie (D:8)
  2 adder skeletons
  3 worms
  2 dart slugs
  5 leopard geckos
  43 orcs
  4 giant cockroaches
  13 goblins
  11 hobgoblins
  10 jackals
  5 quokkas
  3 ball pythons
  18 bats
  5 frilled lizards
  A jackal skeleton (D:8)
  30 kobolds
  A quokka zombie (D:5)
  3 rats
357 creatures vanquished.

Vanquished Creatures (collateral kills)
  A blink frog (Lair:1)
  6 wolves
  A howler monkey (D:8)
  An orc priest (D:7)
  A white imp (D:8)
  6 ballistomycete spores
16 creatures vanquished.

Vanquished Creatures (others)
  An orc (D:4)
  2 ballistomycete spores (Lair:4)
  38 fungi
  61 plants
102 creatures vanquished.

Grand Total: 475 creatures vanquished

Notes
Turn   | Place    | Note
-------+----------+-------------------------------------------
     0 | D:1      | MalarOregon the Halfling Hunter began the quest for the
                  | Orb.
     0 | D:1      | Reached XP level 1. HP: 14/14 MP: 1/1
   131 | D:1      | Reached XP level 2. HP: 19/19 MP: 2/2
   359 | D:1      | Reached XP level 3. HP: 24/24 MP: 3/3
   373 | D:1      | Reached skill level 1 in Short Blades
   975 | D:2      | Reached skill level 1 in Armour
  1364 | D:2      | Reached XP level 4. HP: 29/29 MP: 4/4
  1567 | D:2      | Found a stormy altar of Qazlal.
  1785 | D:3      | Reached XP level 5. HP: 21/35 MP: 5/5
  2974 | D:3      | Reached XP level 6. HP: 8/41 MP: 6/6
  4033 | D:4      | Reached XP level 7. HP: 21/46 MP: 7/7
  5113 | D:5      | Entered Level 5 of the Dungeon
  5178 | D:5      | Reached XP level 8. HP: 52/52 MP: 8/8
  6498 | D:6      | Reached skill level 5 in Dodging
  6723 | D:6      | Reached skill level 5 in Stealth
  6723 | D:6      | Reached XP level 9. HP: 56/58 MP: 9/9
  7167 | D:7      | Found a staircase to the Ecumenical Temple.
  7197 | D:7      | Reached skill level 5 in Short Blades
  7267 | Temple   | Entered the Ecumenical Temple
  7454 | Temple   | Became a worshipper of Fedhas Madash
  7521 | D:7      | Noticed kalagan's ghost (novice DECj)
  7527 | D:7      | Noticed an unseen horror
  7570 | D:7      | Reached skill level 5 in Armour
  8069 | D:7      | Found a runed translucent gate.
  8070 | D:7      | Found a runed translucent gate.
  8113 | D:7      | Found a runed translucent gate.
  8146 | D:7      | Found Tolohuav's Jewellery Shop.
  8149 | D:7      | Bought an uncursed ring of protection from cold for 300
                  | gold pieces
  8712 | D:8      | Reached * piety under Fedhas
  8788 | D:8      | Reached skill level 5 in Fighting
  8824 | D:8      | Reached XP level 10. HP: 31/66 MP: 10/10
  8850 | D:8      | Found a flagged portal.
  8859 | Bailey   | Entered a bailey
  9004 | Bailey   | Noticed an orc warlord
  9085 | Bailey   | Reached ** piety under Fedhas
  9222 | Bailey   | Found a runed translucent gate.
  9233 | Bailey   | Found a runed translucent gate.
  9235 | Bailey   | Found a runed translucent gate.
  9622 | Bailey   | Killed an orc warlord
  9623 | Bailey   | Reached skill level 10 in Slings
 10383 | D:8      | Found a sparkling altar of Nemelex Xobeh.
 10608 | D:7      | Paralysed by a hornet for 1 turns
 10936 | D:7      | Noticed a centaur warrior
 10936 | D:7      | Noticed an orc knight
 10966 | D:7      | Killed a centaur warrior
 10967 | D:7      | Reached XP level 11. HP: 47/72 MP: 11/11
 11159 | D:7      | Killed an orc knight
 11429 | D:9      | Reached *** piety under Fedhas
 11862 | D:9      | Found a staircase to the Lair.
 12394 | Lair:1   | Entered Level 1 of the Lair of Beasts
 12399 | Lair:1   | Noticed Grum
 12511 | Lair:1   | Killed Grum
 12838 | Lair:1   | Reached **** piety under Fedhas
 13012 | Lair:1   | Noticed Nergalle
 13196 | Lair:1   | Noticed an eight-headed hydra
 13257 | Lair:1   | Killed a five-headed hydra
 13605 | Lair:1   | Killed Nergalle
 13960 | Lair:1   | Reached XP level 12. HP: 81/81 MP: 12/12
 13976 | Lair:1   | Noticed Maggie
 13990 | Lair:1   | Killed Maggie
 15044 | Lair:2   | Reached skill level 10 in Armour
 15851 | Lair:2   | Noticed a five-headed hydra
 15968 | Lair:2   | Noticed a four-headed hydra
 15984 | Lair:2   | Killed a one-headed hydra
 16030 | Lair:2   | Killed a one-headed hydra
 16504 | Lair:2   | Reached skill level 10 in Stealth
 16914 | Lair:2   | Found a staircase to the Swamp.
 17307 | Lair:3   | Noticed a boulder beetle
 17322 | Lair:3   | Killed a boulder beetle
 17478 | Lair:3   | Noticed a death yak
 17480 | Lair:3   | Noticed a death yak
 17555 | Lair:3   | Killed a death yak
 17597 | Lair:3   | Noticed a death yak
 17624 | Lair:3   | Killed a death yak
 17625 | Lair:3   | Reached skill level 10 in Short Blades
 17625 | Lair:3   | Reached skill level 1 in Invocations
 17625 | Lair:3   | Reached skill level 1 in Evocations
 17657 | Lair:3   | Killed a death yak
 17658 | Lair:3   | Reached XP level 13. HP: 45/88 MP: 1/14
 18803 | Lair:3   | Noticed Yntoarho's ghost (journeyman DsGl)
 19205 | Lair:3   | Noticed a five-headed hydra
 19217 | Lair:3   | Killed a four-headed hydra
 19329 | Lair:3   | Found a runed translucent door.
 20315 | Lair:4   | Paralysed by a hornet for 3 turns
 20316 | Lair:4   | Slain by a hornet

Illustrated notes

Levels and vault maps discovered:
D:1:      dpeg_arrival_refuge, layout_loops_corners, serial_bayou_pond_a
D:2:      layout_basic, grunt_qazlal_sundering, minmay_pentomino_s4
D:3:      layout_loops_ring
D:4:      minmay_evil_eye, layout_basic, chequers_serial_rivers_marsh
D:5:      layout_basic
D:6:      layout_cave_pools
D:7:      minmay_klotski, layout_layer_cave, minmay_temple_entry_large_hall,
          serial_shops, shop_statue, gammafunk_ghost_split
D:8:      layout_rooms, enter_bailey_3, nemelex_altar_shiori
D:9:      cheibrodos_iron_armory, layout_basic, nicolae_overflow_hidden_temple,
          dpeg_oklobed_lair
Temple:   regret_index_temple_chain_breaker
Lair:1:   layout_cellular_growth, grunt_megastairs_5, lemuel_fruit_fields,
          uniq_maggie, uniq_nergalle, uniq_grum
Lair:2:   layout_chaotic_city, palyth_hydra_swamp_entry, serial_bayou_shore_a
Lair:3:   layout_chaotic_city, hellmonk_ghost_happy_afterlife,
          beast_lair_carwin_5, lemuel_fruit_tree
Lair:4:   cheibrodos_magma_flow, layout_gridlike, grunt_forest_large_clearings

Skill      XL: |  1  2  3  4  5  6  7  8  9 10 11 12 13 |
---------------+----------------------------------------+-----
Fighting       | 2 3 4 5 6 7 8 |  8.3
Slings         | 6 7 8 9 10 11 12 | 12.0
Short Blades   | 1 2 3 4 6 7 8 10 | 10.5
Armour         | 1 2 3 4 5 7 9 11 12 | 12.0
Stealth        | 2 3 4 5 6 7 9 10 | 10.9
Dodging        | 3 4 5 6 7 8 9 |  9.9
Invocations    | 1 2 |  2.9
Evocations     | 1 2 |  2.8

Action                   |  1- 3 |  4- 6 |  7- 9 | 10-12 | 13-15 || total
-------------------------+-------+-------+-------+-------+-------++-------
Melee: Scimitar          |       |       |       |    22 |     1 ||    23
 Fire: Hunting sling     |    98 |   235 |   409 |   733 |   188 ||  1663
Throw: Dart              |       |    49 |    66 |   274 |    28 ||   417
       Boomerang         |       |       |       |     8 |    76 ||    84
Invok: Wall of Briars    |       |       |       |     9 |     6 ||    15
       Grow Ballistomyce |       |       |       |       |     2 ||     2
Evoke: Wand              |       |     1 |     5 |    20 |     5 ||    31
       Phantom mirror    |       |       |       |     1 |       ||     1
  Use: Potion            |       |     1 |       |     4 |     4 ||     9
       Scroll            |       |       |    19 |     1 |       ||    20
Armor: Leather armour    |     7 |       |       |       |       ||     7
       Ring mail         |     3 |    65 |    53 |   135 |    54 ||   310
Dodge: Dodged            |    21 |   166 |   149 |   414 |   197 ||   947
       Rpst.: Scimitar   |       |       |       |     4 |       ||     4
